 Dungeon Crawl Stone Soup version 0.29.1-15-g9cfb28693d (webtiles) character file.

Game seed: 14542421809881884814

0 redmage the Digger (level 1, -2/14 HPs)
             Began as a Meteoran Earth Elementalist on Sept 7, 2023.
             Frozen to death by an endoplasm (3 damage)
             ... on level 2 of the Dungeon.
             The game lasted 00:00:22 (38 turns).

redmage the Digger (Meteoran Earth Elementalist)      Turns: 38, Time: 00:00:24

Health: -2/14      AC:  2    Str:  9    XL:     1   Next: 14%
Magic:  1/5        EV: 12    Int: 16    God:
Gold:   0          SH:  0    Dex: 14    Spells: 4/5 levels left

rFire   . . .      SeeInvis .   (no weapon)
rCold   . . .      Faith    .   (no shield)
rNeg    . . .      Spirit   .   a - +0 robe
rPois   .          Reflect  .   (no helmet)
rElec   .          Harm     .   (no cloak)
rCorr   .          Rampage  .   (no gloves)
Will    .....                   (no boots)
Stlth   +.........              (no amulet)
HPRegen 0.04/turn               (no ring)
MPRegen 0.09/turn               (no ring)

@: glowing
A: sense surroundings 1, otherworldly, glowing, explore regen
a: no special abilities


You were on level 2 of the Dungeon.
You visited 1 branch of the dungeon, and saw 2 of its levels.

Inventory:

Armour
 a - a +0 robe (worn)
Potions
 b - a potion of magic


   Skills:
 - Level 2.4 Dodging
 - Level 1.4 Stealth
 + Level 2.7 Spellcasting
 - Level 1.2 Transmutations
 + Level 3.6 Earth Magic


You had 4 spell levels left.
You knew the following spells:

 Your Spells              Type           Power      Damage    Failure   Level
a - Sandblast             Erth           26%        2d8       4%          1

Your spell library contained the following spells:

 Spells                   Type           Power      Damage    Failure   Level
 Passwall                 Tmut/Erth      8%         N/A       11%         2
 Stone Arrow              Conj/Erth      16%        3d8       26%         3
 Petrify                  Tmut/Erth      10%        N/A       56%         4


Dungeon Overview and Level Annotations

Branches:
Dungeon (2/15) Zot: 1158

Altars:


Innate Abilities, Weirdness & Mutations

You passively map a small area around you.
You are easily found by Zot.
You glow in the dark.
You regain HP and MP as you explore.


Message History

The rat is moderately wounded.
The hobgoblin barely misses you. The rat bites you but does no damage.
The giant cockroach bites you.
You barely miss the rat.
The rat is moderately wounded.
The giant cockroach misses you. The hobgoblin hits you. The rat bites you.
You hit the rat.
The rat is severely wounded.
The giant cockroach misses you. The hobgoblin hits you.
* * * LOW HITPOINT WARNING * * *
The rat bites you.
* * * LOW HITPOINT WARNING * * *
You hit the rat.
You kill the rat!
The giant cockroach closely misses you.
The endoplasm hits you but does no damage.
The hobgoblin hits you but does no damage.
The giant cockroach barely misses you. The hobgoblin barely misses you.
The endoplasm barely misses you.
The giant cockroach bites you but does no damage.
The hobgoblin closely misses you.
The endoplasm hits you but does no damage.
The hobgoblin attacks as you move away! The hobgoblin closely misses you.
The giant cockroach attacks as you move away!
The giant cockroach bites you but does no damage.
Casting: Sandblast (safe; 4% risk of failure)
Confirm with . or Enter, or press ? or * to list all spells.
Aiming: Sandblast (safe; 4% risk of failure)
Press: ? - help, Shift-Dir - straight line, f/p - giant cockroach
Aim: a giant cockroach (82% to hit)
The blast of sand hits the giant cockroach!
You kill the giant cockroach!
An adder comes into view.
The hobgoblin hits you.
* * * LOW HITPOINT WARNING * * *
The endoplasm hits you but does no damage.
The hobgoblin misses you. The endoplasm freezes you.
You are frozen.
You die...

* * , ** *
#..........
,
#......S..,
, *
#........#
*
#........#*
*
#........#
*
#........#
*
#....g...#
#...@†..<#
#....J...#
##########


You could see an adder (wandering), an endoplasm and a hobgoblin.

Vanquished Creatures
  A giant cockroach (D:2)
  A rat (D:2)
2 creatures vanquished.

Notes
Turn   | Place    | Note
-------+----------+-------------------------------------------
     0 | D:1      | redmage the Meteoran Earth Elementalist began the quest for
                  | the Orb.
     0 | D:1      | Reached XP level 1. HP: 14/14 MP: 5/5
    38 | D:2      | Frozen to death by an endoplasm

Illustrated notes

Levels and vault maps discovered:
D:1:      lightli_iron_boxes, layout_basic, dreamdust_wishing_well,
          minmay_shallow_snake_nest
D:2:      layout_rooms, shapermc_ecumenical_altar_hornbeckon,
          kennysheep_generic_room_4

Action                   || total
-------------------------++-------
Melee: Unarmed           ||     5
 Cast: Sandblast         ||     6
Armor: Robe              ||    12
Dodge: Dodged            ||    16
